Cogmind - Beta 14 @@@ ROGUE MODE // 2025.03.22 @ 18:34:24 Player: Qethsegol Result: Destroyed by G-47 Trooper with Particle Gun Performance ------------- Evolutions (3) 1500 Regions Visited (5) 1000 Robots Destroyed (67) 335 Value Destroyed (1981) 1981 Prototype IDs (5) 100 Alien Tech Used (0) 0 Bonus (27) 27 TOTAL SCORE: 4943 Bonus ------- High Alert Combat Kills 27 Cogmind --------- Core Integrity 0/700 Matter 283/300 Energy 98/100 System Corruption 2% Temperature Cool (24) Movement Core (50) Location -7/Storage Parts ------- > --- POWER (2) -------- (None) > --- PROPULSION (3) --- (None) > --- UTILITY (5) ------ (None) > --- WEAPON (3) ------- (None) > --- INVENTORY (5) ---- Field Laser Advanced Beam Rifle Advanced Beam Rifle Rocket Launcher Heavy Missile Launcher Peak State ------------ > --- POWER ------------ Light Nuclear Core Reinforced Deuterium Engine > --- PROPULSION ------- Light Treads Light Treads Light Treads > --- UTILITY ---------- Improved Cooling System Small Storage Unit Medium Storage Unit Hardened Medium Armor Plating Improved Light Armor Plating > --- WEAPON ----------- Gatling Laser Plasma Cannon Plasma Cannon > --- INVENTORY -------- Aluminum Leg Aluminum Leg Wheel Medium Matter Pod EM Pulse Gun Field Laser Gauss Cannon EMP Blaster Rocket Launcher [Rating: 35] Favorites ----------- Power Ion Engine Engine Ion Engine Power Core Light Nuclear Core Propulsion Light Treads Treads Light Treads Wheel Wheel Utility Medium Storage Unit Device Heat Sink Storage Medium Storage Unit Protection Hardened Medium Armor Plating Weapon EM Pulse Gun Energy Gun EM Pulse Gun Energy Cannon Plasma Cannon Ballistic Gun Light Assault Rifle Ballistic Cannon Light Cannon Launcher EMP Blaster Build | -11 -10 -9 -8 -7 -7 ------- Run | Yrd Mat Mat Mat Fac Sto Slots Evolved 6 | . . 2 2 2 . Power 1 | . . . 1 . . Propulsion 1 | . . 1 . . . Utility 3 | . . 1 . 2 . Weapon 1 | . . . 1 . . Parts Attached 59 | 6 14 18 6 12 3 Power 9 | 1 4 1 1 2 . Engine 7 | 1 3 1 1 1 . Core 2 | . 1 . . 1 . Reactor . | . . . . . . Propulsion 18 | 2 4 7 2 3 . Treads 7 | . . 2 2 3 . Leg . | . . . . . . Wheel 11 | 2 4 5 . . . Hover . | . . . . . . Flight . | . . . . . . Utility 13 | 1 2 4 2 3 1 Device 3 | . . 2 . 1 . Storage 7 | 1 2 2 1 1 . Processor . | . . . . . . Hackware . | . . . . . . Protection 3 | . . . 1 1 1 Artifact . | . . . . . . Weapon 19 | 2 4 6 1 4 2 Energy Gun 7 | . 1 4 . 1 1 Energy Cannon 3 | . . . . 2 1 Ballistic Gun 5 | 2 1 1 1 . . Ballistic Cannon 3 | . 2 1 . . . Launcher 1 | . . . . 1 . Special Weapon . | . . . . . . Impact Weapon . | . . . . . . Slashing Weapon . | . . . . . . Piercing Weapon . | . . . . . . Special Melee Weapon . | . . . . . . Unidentified Prototypes 3 | . . 1 . . 2 Corrupted Parts 2 | . . . 1 1 . System Corruption 3 | . . . 1 2 . Parts Lost 28 | . 5 7 5 9 2 Power 5 | . 1 1 1 2 . Propulsion 12 | . 4 3 2 3 . Utility 5 | . . 1 1 2 1 Weapon 6 | . . 2 1 2 1 Highest Loss Streak 8 | . 3 4 3 8 2 To Critical Strikes . | . . . . . . Average Slot Usage (%) 85 | . 89 89 91 88 6 Engine 9 | . 9 10 12 6 . Core 2 | . 3 . . 4 . Treads 9 | . . 8 4 19 . Wheel 14 | . 25 17 21 2 . Device 5 | . . 8 7 6 . Storage 17 | . 21 22 18 11 . Protection 3 | . . . 1 11 1 Energy Gun 9 | . 3 10 18 11 3 Energy Cannon 2 | . . . . 9 . Ballistic Gun 6 | . 21 3 7 . . Ballistic Cannon 3 | . 3 7 . . . Peak Build Rating 35 | 6 8 13 13 35 8 Average Rating 15 | 4 7 10 12 28 3 On Entrance 6 | . 6 8 10 13 1 Naked Turns 47 | . . . . 2 45 Heaviest Build 66 | 12 19 32 34 66 6 Greatest Support 60 | 32 32 42 40 60 3 Greatest Overweight (x) 7 | 2 2 3 3 7 1 Average Overweight (x) . | . . . . . . Largest Inventory Capacity 10 | 8 10 10 10 10 5 Average Capacity 9 | 6 8 10 10 9 5 Most Carried 10 | 6 10 10 10 10 5 Average Carried 8 | 2 8 9 9 8 4 Final Capacity 10 | 8 10 10 10 5 5 Final Carried 10 | 6 10 10 10 5 5 Class Distribution -------------------- 61% | Mutant 18% | Scavenger-Tank 8% | Gunner 7% | Tank 3% | Scavenger-Mutant Dominant Class ---------------- Mutant | -10/Materials Mutant | -9/Materials Gunner | -8/Materials Scavenger-Tank | -7/Factory Mutant | -7/Storage Resources | -11 -10 -9 -8 -7 -7 ----------- Run | Yrd Mat Mat Mat Fac Sto Matter Collected 1300 | 251 377 443 69 160 . Remotely . | . . . . . . Salvage Created 2337 | . 471 913 222 731 . Parts 156 | . 34 66 17 39 . Haulers Intercepted 2 | . . 2 . . . Recyclers Shooed . | . . . . . . Parts Field Recycled . | . . . . . . Retrieved Matter . | . . . . . . Parts Self-Destructed . | . . . . . . Prevented . | . . . . . . Kills | -11 -10 -9 -8 -7 -7 ------- Run | Yrd Mat Mat Mat Fac Sto Combat Hostiles Destroyed 56 | . 16 22 4 14 . Guns 36 | . 13 15 3 5 . Cannons 12 | . 3 6 . 3 . AOE 6 | . . 1 . 5 . Classes Destroyed 13 | . 2 7 1 3 . Worker 2 | . . 2 . . . Builder 3 | . . 3 . . . Hauler 2 | . . 2 . . . Recycler 1 | . . . . 1 . Mechanic 2 | . . 1 . 1 . Watcher 1 | . . 1 . . . Swarmer 19 | . 6 9 . 4 . Grunt 19 | . 10 8 . 1 . Brawler 1 | . . . . 1 . Duelist 3 | . . 2 . 1 . Sentry 7 | . . 3 3 1 . Specialist 3 | . . . 1 2 . Hunter 4 | . . . . 4 . Best Kill Streak 7 | . 7 4 2 7 . Combat Bots Only 7 | . 7 4 2 6 . Max Kills in Single Turn 5 | . 1 2 1 5 . Gunslinging . | . . . . . . Exploded 3 | . . 1 . 3 . Melee . | . . . . . . Uniques/NPCs Destroyed . | . . . . . . Combat | -11 -10 -9 -8 -7 -7 -------- Run | Yrd Mat Mat Mat Fac Sto Hostile Shots Fired 494 | . 105 91 26 158 114 Missed 149 | . 20 18 10 50 51 Damage Taken 4330 | . 886 1012 297 1502 633 Core 1148 | . 197 200 46 235 470 Absorbed by Shields . | . . . . . . Redirected to Shielding 50 | . . . . . 50 Core Remaining (%) 65 | 100 21 50 91 . . Volleys Fired 184 | . 70 78 11 23 2 Largest 3 | . 2 2 3 3 1 Hottest 240 | . 85 90 100 240 61 Shots Fired 361 | . 125 138 33 63 2 Gun 250 | . 110 79 33 26 2 Cannon 104 | . 15 59 . 30 . Launcher 7 | . . . . 7 . Special . | . . . . . . Kinetic 203 | . 108 84 11 . . Thermal 65 | . 17 . . 46 2 Explosive . | . . . . . . Electromagnetic 93 | . . 54 22 17 . Robot Hit Streak 17 | . 8 17 10 15 . Robot Miss Streak 6 | . 3 6 1 6 3 Penetration Max . | . . . . . . Secondary Targets 1 | . 1 . . . . Max Gunslinging Chain 1 | . 1 . . . . Shots Hit Robots 228 | . 79 85 24 40 . Core Hits 118 | . 31 45 7 35 . Critical Kills 1 | . 1 . . . . Critical Parts Destroyed . | . . . . . . Critical Strikes 5 | . 1 3 1 . . Destroy 1 | . 1 . . . . Blast 3 | . . 3 . . . Corrupt 1 | . . . 1 . . Melee Attacks . | . . . . . . Impact . | . . . . . . Slashing . | . . . . . . Piercing . | . . . . . . Sneak Attacks . | . . . . . . Combat Hostiles . | . . . . . . Follow-up Attacks . | . . . . . . Damage Inflicted 4456 | . 797 1478 344 1827 10 Guns 2169 | . 641 768 274 486 . Cannons 1103 | . 156 563 . 384 . Explosions 1161 | . . 143 61 957 . Melee . | . . . . . . Ramming 23 | . . 4 9 . 10 Kinetic 1454 | . 644 716 94 . . Thermal 1365 | . 153 143 61 1008 . Explosive 395 | . . . . 395 . Electromagnetic 1219 | . . 615 180 424 . Impact . | . . . . . . Slashing . | . . . . . . Piercing . | . . . . . . Highest Corruption 2 | . . . 1 2 2 Average Corruption 1 | . . . 1 2 2 Corruption Purged . | . . . . . . Corruption Blocked . | . . . . . . Effects 10 | . . . . 9 1 Message Errors 3 | . . . . 3 . Matter Fused 3 | . . . . 3 . Heat Flow Errors 1 | . . . . 1 . Energy Discharges 1 | . . . . 1 . Data Loss (minor) 1 | . . . . 1 . Alerts 1 | . . . . . 1 Overload Shots . | . . . . . . Overflow Damage 50 | . . 24 10 16 . Projectiles 14 | . . 14 . . . Explosions 36 | . . 10 10 16 . Melee . | . . . . . . Knockbacks 11 | . 2 9 . . . Impact . | . . . . . . Kinetic 11 | . 2 9 . . . Secondary . | . . . . . . Self-Inflicted Damage 258 | . . 94 58 101 5 Shots 8 | . . 3 1 4 . Rammed 3 | . . 1 1 . 1 Targets Rammed 3 | . . 1 1 . 1 Kicked . | . . . . . . Crushed . | . . . . . . Highest Temperature 439 | . 316 54 36 439 5 Average Temperature 103 | . 108 17 13 155 3 Received Heat Transfer 951 | . 390 159 36 105 261 Effects 8 | . 2 . . 6 . Shutdowns 2 | . . . . 2 . Energy Bleed 3 | . 2 . . 1 . Interference 3 | . . . . 3 . Siege Activations . | . . . . . . Robots Corrupted 1 | . . . 1 . . Combat Hostiles 1 | . . . 1 . . Parts Fried . | . . . . . . Impact Corruptions . | . . . . . . Robots Melted 1 | . . . . 1 . Combat Hostiles 1 | . . . . 1 . Parts Melted 8 | . . . . 8 . Heat Transferred 2495 | . 370 200 50 1875 . Parts Sabotaged . | . . . . . . Parts Stolen . | . . . . . . Parts Stripped . | . . . . . . Power Chain Reactions 8 | . . 3 1 4 . Alert | -11 -10 -9 -8 -7 -7 ------- Run | Yrd Mat Mat Mat Fac Sto Peak Influence 617 | . 260 617 350 287 251 Initial 230 | . . 109 230 158 86 Average 190 | . 98 305 283 128 141 Maximum Alert Level 2 | . 1 2 1 1 1 Low Security (%) 62 | 100 92 38 . 82 72 Level 1 28 | . 7 30 100 17 27 Level 2 9 | . . 30 . . . Level 3 . | . . . . . . Level 4 . | . . . . . . Level 5 . | . . . . . . High Security . | . . . . . . Max Security . | . . . . . . Squads Dispatched 11 | . 2 2 1 2 4 Investigation 4 | . 1 1 . . 2 Extermination 1 | . . . . 1 . Reinforcement 6 | . 1 1 1 1 2 Assault . | . . . . . . Garrison . | . . . . . . Intercept . | . . . . . . Searches Triggered . | . . . . . . Construction Impeded 1 | . . . . 1 . Haulers Reinforced 1 | . . . . . 1 Active Scanning Responses . | . . . . . . Cargo Convoy Interrupts 1 | . . . . 1 . Stealth | -11 -10 -9 -8 -7 -7 --------- Run | Yrd Mat Mat Mat Fac Sto Distress Signals 9 | . 2 5 1 . 1 Communications Jammed . | . . . . . . Distress Signals . | . . . . . . Times Spotted 107 | . 23 35 11 22 16 Peak Tracking Total 13 | . 4 6 3 10 13 Tactical Retreats 12 | . 1 6 1 2 2 Traps | -11 -10 -9 -8 -7 -7 ------- Run | Yrd Mat Mat Mat Fac Sto Traps Triggered 5 | . 1 1 . 1 2 Indirectly . | . . . . . . Trap Hack Attempts . | . . . . . . Triggered . | . . . . . . Disarmed . | . . . . . . Reprogrammed . | . . . . . . Reused . | . . . . . . Traps Extracted . | . . . . . . Installed . | . . . . . . Triggered . | . . . . . . Machines | -11 -10 -9 -8 -7 -7 ---------- Run | Yrd Mat Mat Mat Fac Sto Machines Disabled 5 | . . 2 1 1 1 Max in Single Turn 1 | . . 1 1 1 1 Machines Repaired . | . . . . . . Machines Dismantled . | . . . . . . Machines Sabotaged . | . . . . . . Overloaded Fab Kills . | . . . . . . Hacking | -11 -10 -9 -8 -7 -7 --------- Run | Yrd Mat Mat Mat Fac Sto Machines Accessed 14 | . 3 5 . 4 2 Terminals 9 | . 2 3 . 2 2 Fabricators 1 | . . . . 1 . Repair Stations 2 | . 1 1 . . . Recycling Units 1 | . . 1 . . . Scanalyzers 1 | . . . . 1 . Garrison Access . | . . . . . . Total Hacks 38 | . 8 11 . 16 3 Successful 23 | . 4 6 . 12 1 Failed 14 | . 4 5 . 3 2 Catastrophic 4 | . 1 1 . 1 1 Database Lockouts 1 | . . . . 1 . Manual 9 | . . 5 . 3 1 Terminals 22 | . 6 8 . 5 3 Fabricators 1 | . . . . 1 . Repair Stations 4 | . 2 2 . . . Recycling Units 1 | . . 1 . . . Scanalyzers 10 | . . . . 10 . Garrison Access . | . . . . . . Terminal Hacks 11 | . 3 4 . 3 1 Record 6 | . . 3 . 2 1 Prototype ID Bank 1 | . 1 . . . . Open DSF 1 | . . . . 1 . Level Access Points 1 | . . 1 . . . Emergency Access Points 1 | . 1 . . . . Transport Status 1 | . 1 . . . . Fabricator Hacks 1 | . . . . 1 . Network Status 1 | . . . . 1 . Repair Station Hacks 2 | . 1 1 . . . Scan Component 2 | . 1 1 . . . Recycling Unit Hacks 1 | . . 1 . . . Report Inventory 1 | . . 1 . . . Scanalyzer 8 | . . . . 8 . Insert Component 4 | . . . . 4 . Analyze 4 | . . . . 4 . Garrison Access Hacks . | . . . . . . Unauthorized Hacks . | . . . . . . Terminals . | . . . . . . Fabricators . | . . . . . . Repair Stations . | . . . . . . Recycling Units . | . . . . . . Scanalyzers . | . . . . . . Garrison Access . | . . . . . . Data Cores Recovered . | . . . . . . Used . | . . . . . . Hacking Detections 10 | . 2 4 . 2 2 Full Trace Events 1 | . . . . . 1 Feedback Events . | . . . . . . Feedback Blocked . | . . . . . . Robot Schematics Acquired . | . . . . . . Robots Built . | . . . . . . Authchips . | . . . . . . Time . | . . . . . . Total Robot Build Rating . | . . . . . . Part Schematics Acquired 3 | . . . . 3 . Parts Built . | . . . . . . Authchips . | . . . . . . Time . | . . . . . . Total Part Build Rating . | . . . . . . Parts Repaired . | . . . . . . Time . | . . . . . . Parts Recycled . | . . . . . . Recycled Matter . | . . . . . . Retrieved Matter . | . . . . . . Retrieved Components . | . . . . . . Parts Scanalyzed 4 | . . . . 4 . Part Schematics Acquired 3 | . . . . 3 . Parts Damaged 1 | . . . . 1 . Bothacking | -11 -10 -9 -8 -7 -7 ------------ Run | Yrd Mat Mat Mat Fac Sto Used RIF Installer . | . . . . . . Robots Hacked . | . . . . . . Non-combat . | . . . . . . Combat . | . . . . . . Robot Hacks Applied . | . . . . . . Relay Couplers Released . | . . . . . . Fabnet Peak Effective % . | . . . . . . Robots Rewired . | . . . . . . Allies Hacked . | . . . . . . Hacks Repelled . | . . . . . . Allies | -11 -10 -9 -8 -7 -7 -------- Run | Yrd Mat Mat Mat Fac Sto Total Allies . | . . . . . . Largest Group . | . . . . . . Highest-Rated Group . | . . . . . . Highest-Rated Ally . | . . . . . . Total Orders . | . . . . . . Ally Attacks . | . . . . . . Total Damage . | . . . . . . Kills . | . . . . . . Allies Corrupted . | . . . . . . Allies Melted . | . . . . . . Intel | -11 -10 -9 -8 -7 -7 ------- Run | Yrd Mat Mat Mat Fac Sto Robot Analysis Total . | . . . . . . Derelict Logs Recovered . | . . . . . . Drone Launches . | . . . . . . Drone Recoveries . | . . . . . . Exploration | -11 -10 -9 -8 -7 -7 ------------- Run | Yrd Mat Mat Mat Fac Sto Turns Passed 3132 | 88 648 957 345 950 144 Spaces Moved 2034 | 75 461 544 284 455 215 Core 256 | 21 14 . . 6 215 Treads 646 | . . 159 38 449 . Legs . | . . . . . . Wheels 1132 | 54 447 385 246 . . Hover . | . . . . . . Flight . | . . . . . . Fastest Speed 50 | 50 80 80 80 50 50 Average Speed 112 | 98 91 115 101 169 51 Slowest Speed 400 | 150 150 240 240 400 100 Overloaded Moves . | . . . . . . Propulsion Burnouts . | . . . . . . Robots Hopped . | . . . . . . Cave-ins Triggered . | . . . . . . Exploration Rate (%) 30 | 6 60 40 23 10 42 Regions Visited 5 Branch Regions 1 Pre-discovered Areas . | . . . . . . Known Exits Taken 1 | . . 1 . . . Unknown Exits Taken 4 | 1 1 . 1 1 . Scrap Searched . | . . . . . . Spaces Dug . | . . . . . . Terrain Destroyed 54 | . . 9 . 45 . Melee . | . . . . . . Projectile 1 | . . . . 1 . AOE 53 | . . 9 . 44 . Terrain Rammed . | . . . . . . Walls Destroyed . | . . . . . . Machines Disabled . | . . . . . . Actions | -11 -10 -9 -8 -7 -7 --------- Run | Yrd Mat Mat Mat Fac Sto Total 2545 | 86 580 737 314 580 248 Wait 170 | . 14 70 6 75 5 Move 2029 | 74 460 543 283 454 215 Hop . | . . . . . . Pick Up 45 | 6 12 16 4 3 4 Fast Attach 24 | 6 3 5 3 6 1 Attach 18 | . 4 8 2 2 2 Detach 4 | . . . . 4 . Swap 17 | . 7 5 1 4 . Drop 36 | . 10 11 3 9 3 Fire 184 | . 70 78 11 23 2 Melee . | . . . . . . Ram 2 | . . . 1 . 1 Kick . | . . . . . . Crush 1 | . . 1 . . . Escape Stasis 15 | . . . . . 15 Rewire . | . . . . . . Trap . | . . . . . . Miscellaneous . | . . . . . . Route ------- -11/Scrapyard -10/Materials (discovered 2 exits: *Mat / [*Min]) -9/Materials (discovered 4 exits: *Mat x3 / [*Min]) -8/Materials -7/Factory -7/Storage History --------- Turn | Location | Event 17 | -11/Scrapyard | Discovered new exit (range 14) 89 | -11/Scrapyard | Entered Materials 301 | -10/Materials | Build established: Mutant 339 | -10/Materials | Lost 3 parts (1p2n) 403 | -10/Materials | Discovered new exit (range 6) 553 | -10/Materials | Destroyed 7 combat bots 562 | -10/Materials | Core integrity fell below 50% 636 | -10/Materials | Discovered new exit (range 16) 737 | -10/Materials | Entered another Materials area 737 | -9/Materials | Evolved 2 slots: Propulsion x1, Utility x1 939 | -9/Materials | Lost 4 parts (3n1u) 1577 | -9/Materials | Discovered new exit (range 7) 1594 | -9/Materials | Identified exit to Materials 1694 | -9/Materials | Entered another Materials area 1694 | -8/Materials | Evolved 2 slots: Power x1, Weapon x1 1999 | -8/Materials | Lost 3 parts (1n1u1w) 2021 | -8/Materials | Discovered new exit (range 11) 2039 | -8/Materials | Entered Factory 2039 | -7/Factory | Evolved 2 slots: Utility x2 2114 | -7/Factory | Identified exit to DSF 2691 | -7/Factory | Build established: Scavenger-Tank 2753 | -7/Factory | Discovered new exit (range 15) 2798 | -7/Factory | Central database locked down 2896 | -7/Factory | Cargo convoy interrupted 2987 | -7/Factory | Released all parts (4) 2989 | -7/Factory | Entered Storage 3013 | -7/Storage | Lost 8 parts (2p3n2u1w) 3107 | -7/Storage | Core integrity fell below 50% 3129 | -7/Storage | Core integrity fell below 20% 3133 | -7/Storage | Destroyed by G-47 Trooper with Particle Gun Last Messages --------------- 03046_ K-01 Serf collects debris. 03060_ O-16 Technician sends out distress signal. 03060_ O-16 Technician: "IFF HANDSHAKE FAILED. SECURING TERMINAL." 03060_ Transfer Shaft disabled. 03065_ ALERT: Hostiles spotted, dispatching reinforcements to Terminal S008. 03068_ Slammed into A-02 Transporter. 03069_ A-02 Transporter calls for reinforcements. 03069_ ALERT: Hostile activity reported, dispatching reinforcements to area. 03078_ Connecting with Terminal... 03081_ ALERT: Suspicious activity at Terminal S002. Dispatching Investigation squad. 03082_ Acquired Core Shielding. 03099_ Triggered Alarm Trap. 03099_ An alarm sounds. 03099_ ALERT: Alarm triggered, dispatching investigation squad. 03102_ Connecting with Door Terminal... 03112_ Adv. Beam Rifle destroyed. 03128_ Core Shielding destroyed. Map ----- +----------------------------------------------------+ | | | | | | | | | ????????????????????????????????? | | ????????????????????????????????? | | ????????????????????????????????? | | ????????????????????????????????? | | ????????????????????????????????? | | ????????????????????????????????? | | ????????????????????????????????? | | ????????????????????????????????? | | ????????????????????????????????? | | ????????????????????????????????? | | ????????????????????????????????? | | ????????????????????????????????? | | ???????""""?????????????????????? | | ??????## #####?????????????????? | | ??????#T ## ?????????????????? | | ######## ## "?????????????????? | | # # ## "?????????????????? | | #""" l ## "??????????###????? | | #""" # ## "?????????? #????? | | #""" # ## "?????????? #????? | | #""" # g## """" #??? ?????? | | #""" #@ ## #??? #?????+ | | # #Yg##+############+#### | | #""" # YY | | #""" # Y | | #""" ########### #####+##### | | #""" #?????????# #???# ## | | #""" #?????????# #???#" ## | | # #???????###/#???#" ! ## | | ### ####??????? ???#" !! ## | | ??###????????? #T ## | | ???????????????""" """?#" # | | ???????????????""" """?#" + T" | | ????????????????" ""??#" # "" | | ???????????????? ??# # | | ????????????????? ???# ## | | ????????????????? ???# ## | | ??????############+##??# ## | | ??????? + #??###/#### | | ???????? # #????# #??# | | ?????????"""" # #????# #??# | | ???????? """" # #????# #??# | | ???????? """" + #????# #### | | ???????? """" # ###### | | ?????# # | | ?????## # ############# | +----------------------------------------------------+ Best States ------------- Heat Dissipation 61 Energy Generation 25 Energy Capacity 415 Matter Stores 400 Matter Capacity 400 Sight Range 16 Terrain Scan Density 10 Armor Coverage 375 Core Shielding 20 Evasion (%) 50 Recoil Reduction 3 Item Schematics ----------------- Rocket Launcher | -7/Factory | Scanalyzed Gauss Cannon | -7/Factory | Scanalyzed Hvy. Missile Launcher | -7/Factory | Scanalyzed Robot Schematics ------------------ None Fabricated ------------ Nothing Alien Tech Used ----------------- None Achievements -------------- None Challenges ------------ None Game ------ Seed LightpackMachineThrower Manual? 0 Play Time 00:56:07 Cumulative 5.8 hours Start 2025.03.22 @ 13:48:38 End 2025.03.22 @ 18:34:24 Sessions 3 Manual Loads 0 Difficulty Rogue Special Mode None Game No. 9 Rogue 9 Adventurer 0 Explorer 0 Win Type - Total 0 Types 0/0/0/0/0/0/0/0/0 Lore% 8 Gallery% 8 Achievement% 18 Wizard Run 0 Options --------- Layout 0 ASCII 1 Keyboard 1 Movement Numpad Keybinds 0 Fullscreen 2 Font 18/SmallcapsGlow Map View 76x50 Zoom Use 0% Tactical HUD 1 Map Filters NONE Filters NONE Steam 1 RUN: daf1117c-5e62-4827-865f-057b081c0efa